 Dungeon Crawl Stone Soup version 0.25.0-11-g1f837a76a1 (webtiles) character file.

Game seed: 10054693343346799024

(classic levelgen) 0 EnegeticOcto the Gusty (level 1, -3/14 HPs)
             Began as a Hill Orc Air Elementalist on June 26, 2020.
             Slain by a leopard gecko (4 damage)
             ... on level 1 of the Dungeon.
             The game lasted 00:00:25 (86 turns).

EnegeticOcto the Gusty (Hill Orc Air Elementalist)    Turns: 86, Time: 00:00:26

Health: -3/14      AC:  2    Str: 10    XL:     1   Next: 10%
Magic:  0/3        EV: 12    Int: 15    God:
Gold:   12         SH:  0    Dex: 11    Spells: 2/3 levels left

rFire    . . .     SeeInvis .   (no weapon)
rCold    . . .     Gourm    .   (no shield)
rNeg     . . .     Faith    .   a - +0 robe
rPois    .         Spirit   .   (no helmet)
rElec    .         Reflect  .   (no cloak)
rCorr    .         Harm     .   (no gloves)
MR       .....                  (no boots)
Stlth    ++........             (no amulet)
HPRegen  0.04/turn              (no ring)
MPRegen  0.08/turn              (no ring)

@: very slightly contaminated
A: no striking features
a: no special abilities


You were on level 1 of the Dungeon.
You were not hungry.

You visited 1 branch of the dungeon, and saw 1 of its levels.

You collected 12 gold pieces.

Inventory:

Armour
 a - a +0 robe (worn)
Scrolls
 c - a scroll of identify {unknown}
 d - a scroll of immolation {unknown}
Potions
 b - a potion of brilliance {unknown}
Comestibles
 e - a ration


   Skills:
 + Level 0.2 Fighting
 - Level 1.5 Dodging
 - Level 1.5 Stealth
 - Level 1.5 Spellcasting
 - Level 1.0 Conjurations
 - Level 2.4 Air Magic


You had 2 spell levels left.
You knew the following spells:

 Your Spells              Type           Power        Failure   Level  Hunger
a - Shock                 Conj/Air       #...         12%         1    ##.....

Your spell library contained the following spells:

 Spells                   Type           Power        Failure   Level  Hunger
 Swiftness                Chrm/Air       #.......     22%         2    ###....
 Static Discharge         Conj/Air       #.......     34%         3    ####...
 Airstrike                Air            #.........   65%         4    #####..
 Lightning Bolt           Conj/Air       #.........   97%         5    ######.


Dungeon Overview and Level Annotations

Branches:
Dungeon (1/15)

Altars:


Message History

Welcome, EnegeticOcto the Hill Orc Air Elementalist.
It is said that the Orb of Zot exists deep within this dungeon.
Press ? for a list of commands and other information.
Found three items.
Found two stairs.
There is a stone staircase leading down here.
b - a glowing coppery potion You now have 12 gold pieces.
c - a scroll labeled EDIES ISHRU A kobold comes into view.
Casting: Shock (safe; 12% risk of failure)
Confirm with . or Enter, or press ? or * to list all spells.
Aiming: Shock (safe; 12% risk of failure)
Press: ? - help, Shift-Dir - straight line, f - kobold
Aim: a kobold (asleep)
The zap hits the kobold.
You kill the kobold!
Magic restored.
Found a stone staircase leading down.
d - a scroll labeled SIBIUS JAWAMN A leopard gecko comes into view.
Casting: Shock (safe; 12% risk of failure)
Confirm with . or Enter, or press ? or * to list all spells.
Aiming: Shock (safe; 12% risk of failure)
Press: ? - help, Shift-Dir - straight line, f - leopard gecko
Aim: a leopard gecko You miscast Shock.
You are very lightly contaminated with residual magic.
Nothing appears to happen.
The leopard gecko closely misses you.
Casting: Shock (safe; 12% risk of failure)
Confirm with . or Enter, or press ? or * to list all spells.
Aiming: Shock (safe; 12% risk of failure)
Press: ? - help, Shift-Dir - straight line, p - leopard gecko The zap hits the leopard gecko.
The leopard gecko is moderately wounded.
The zap misses the leopard gecko.
The leopard gecko bites you.
Unknown command.
Casting: Shock (safe; 12% risk of failure)
Confirm with . or Enter, or press ? or * to list all spells.
Aiming: Shock (safe; 12% risk of failure)
Press: ? - help, Shift-Dir - straight line The zap hits the leopard gecko.
The leopard gecko is heavily wounded.
The zap hits the leopard gecko.
The leopard gecko is severely wounded.
The leopard gecko barely misses you.
Casting: Shock (safe; 12% risk of failure)
Confirm with . or Enter, or press ? or * to list all spells.
Aiming: Shock (safe; 12% risk of failure)
Press: ? - help, Shift-Dir - straight line The zap misses the leopard gecko.
The zap hits the leopard gecko.
The leopard gecko is almost dead.
The leopard gecko bites you.
You hit the leopard gecko but do no damage.
The leopard gecko is almost dead.
The leopard gecko barely misses you. The leopard gecko bites you.
You closely miss the leopard gecko.
The leopard gecko is almost dead.
The leopard gecko bites you.
You barely miss the leopard gecko.
The leopard gecko is almost dead.
The leopard gecko bites you.
* * * LOW HITPOINT WARNING * * *
The leopard gecko bites you.
* * * LOW HITPOINT WARNING * * *
Your magical contamination has completely faded away.
Casting: Shock (safe; 12% risk of failure)
Confirm with . or Enter, or press ? or * to list all spells.
Aiming: Shock (safe; 12% risk of failure)
Press: ? - help, Shift-Dir - straight line
Okay, then.
Casting: Shock (safe; 12% risk of failure)
Confirm with . or Enter, or press ? or * to list all spells.
Aiming: Shock (safe; 12% risk of failure)
Press: ? - help, Shift-Dir - straight line You miscast Shock.
You are very lightly contaminated with residual magic.
Nothing appears to happen.
The leopard gecko bites you.
You die...

.....≈≈≈≈.≈......≈≈≈≈≈≈.#
#...≈≈<>≈≈......≈≈≈≈≈≈.#
#...≈≈≈≈≈≈......≈§§≈§≈.#
#.#..≈≈≈≈..####..≈≈§§..#
..........## ##.§....##
...#....##.# #..##### ##
#######.## ##..#
#..####...####
##..l@.........
#.######.####. #.# #...
#.# ##### #.# #.. ###


You could see a leopard gecko.

Vanquished Creatures
  A kobold (D:1)
1 creature vanquished.

Notes
Turn   | Place    | Note
-------+----------+-------------------------------------------
     0 | D:1      | EnegeticOcto the Hill Orc Air Elementalist began the quest
                  | for the Orb.
     0 | D:1      | Reached XP level 1. HP: 14/14 MP: 3/3
    86 | D:1      | Slain by a leopard gecko

Illustrated notes

Levels and vault maps discovered:
D:1:      dpeg_arrival_pits, layout_loops_ring

Action                   || total
-------------------------++-------
Melee: Unarmed           ||     3
 Cast: Shock             ||     4
Dodge: Dodged            ||     3
